 Dungeon Crawl Stone Soup version 0.30-a0-857-gcaf7073 (webtiles) character file.

Game seed: 1039079905181463052

6511 Dorkslayer the Cleaver (level 11, -1/95 HPs)
             Began as a Hill Orc Fighter on Mar 5, 2023.
             Was an Initiate of Gozag.
             Slain by a yak (12 damage)
             ... on level 10 of the Dungeon.
             The game lasted 00:24:54 (8670 turns).

Dorkslayer the Cleaver (Hill Orc Fighter)           Turns: 8670, Time: 00:24:54

Health: -1/95      AC:  7    Str: 22    XL:     11   Next: 0%
Magic:  11/11      EV:  9    Int: 10    God:    Gozag
Gold:   1263       SH:  5    Dex: 10    Spells: 10/10 levels left

rFire   . . .      SeeInvis .    a - +0 war axe (freeze)
rCold   . . .      Faith    .    c - +0 buckler
rNeg    + + .      Spirit   .    f - +0 chain mail
rPois   .          Reflect  .    p - +1 helmet of Efeipeawn {-Cast rN++}
rElec   .          Rampage  .    F - +2 cloak
rCorr   .          NoCast   +    u - +1 pair of gloves
Will    .....                    (no boots) Stlth
                                 (no amulet)
HPRegen 0.35/turn                m - +4 ring of protection
MPRegen 0.12/turn                (no ring)

@: about to teleport, corroded
A: no striking features
a: Renounce Religion, Potion Petition, Call Merchant, Bribe Branch


You were on level 10 of the Dungeon.
You worshipped Gozag.
Gozag was most pleased with you.
You visited 2 branches of the dungeon, and saw 11 of its levels.

You collected 1317 gold pieces.
You paid 54 gold pieces to Gozag.

Inventory:

Hand Weapons
 a - a +0 war axe of freezing (weapon)
 d - a +4 flail of freezing
Missiles
 e - 2 boomerangs
 h - 6 javelins (quivered)
 s - 2 silver javelins
 v - a curare-tipped dart
 E - a throwing net
Armour
 c - a +0 buckler (worn)
 f - a +0 chain mail (worn)
 p - the +1 helmet of Efeipeawn (worn) {-Cast rN++}
   (You found it on level 7 of the Dungeon)

   rN:        It greatly protects you from negative energy.
   -Cast:     It prevents spellcasting.
 u - a +1 pair of gloves (worn)
 F - a +2 cloak (worn)
Jewellery
 m - a +4 ring of protection (left hand)
Wands
 w - a wand of paralysis (7)
 y - a wand of flame (10)
 A - a wand of roots (20)
Scrolls
 k - 2 scrolls of silence
 l - 2 scrolls of brand weapon
 t - a scroll of fog
 C - 2 scrolls of amnesia
Potions
 b - a potion of curing
 g - 2 potions of attraction
 j - 4 potions of mutation
 q - 3 potions of might
 r - a potion of ambrosia
 x - 2 potions of magic
 z - 2 potions of brilliance
 B - 2 potions of lignification
 D - a potion of berserk rage


   Skills:
 * Level 8.9 Fighting
 * Level 9.4(9.5) Axes
 + Level 1.2(5.0) Maces & Flails
 * Level 3.2 Throwing
 * Level 8.2 Armour
 * Level 5.7 Dodging
 + Level 6.1 Shields
 * Level 6.1 Evocations


You had 10 spell levels left.
You didn't know any spells.
Your spell library contained the following spells:

 Spells                   Type           Power      Damage    Failure   Level
 Apportation              Tloc           0%         N/A       97%         1
 Static Discharge         Conj/Air       0%         2-2/arc   99%         2
 Call Canine Familiar     Summ           0%         N/A       100%        3
 Ignite Poison            Fire/Tmut/Pois 0%         N/A       100%        3
 Kindle Blastsparks       Fire/Tloc/Air  0%         2d10      100%        3
 Portal Projectile        Hex/Tloc       0%         N/A       100%        3
 Vhi's Electric Charge    Tloc/Air       0%         N/A       100%        3
 Leda's Liquefaction      Hex/Erth       0%         N/A       100%        4
 Alistair's Intoxication  Tmut/Pois      0%         N/A       100%        5
 Arcjolt                  Conj/Air       0%         1d10      100%        5
 Freezing Cloud           Conj/Ice/Air   0%         6-21      100%        5
 Lightning Bolt           Conj/Air       0%         1d11      100%        5


Dungeon Overview and Level Annotations

Branches:
Dungeon (10/15)            Temple (1/1) D:4            Lair (0/5) D:8
    Orc: D:9-12

Altars:
Ashenzari
Dithmenos
Elyvilon
Fedhas
Gozag
Hepliaklqana
Makhleb
Nemelex Xobeh
Okawaru
Qazlal
Trog
Uskayaw
Vehumet
Wu Jian

Shops:
D:5 :


Message History

The kobold brigand shouts!
You hit the kobold demonologist. You freeze the kobold demonologist.
The kobold demonologist is lightly wounded.
You hit the rust devil but do no damage.
You hit the kobold brigand but do no damage.
The kobold brigand is no longer distracted by gold.
You hit the sixfirhy. You freeze the sixfirhy. The sixfirhy hits you.
The sixfirhy shocks you! The sixfirhy barely misses you. The sixfirhy hits you!
The sixfirhy shocks you!
* * * LOW HITPOINT WARNING * * *
The kobold brigand hits you but does no damage.
The kobold demonologist closely misses you.
The rust devil hits you. The rust devil corrodes you!
Okay, then.
As you read the scroll of teleportation, it crumbles to dust.
You feel strangely unstable.
The kobold brigand hits you but does no damage.
The kobold demonologist hits you with a +0 dagger.
* * * LOW HITPOINT WARNING * * *
You block the yak's attack. The rust devil barely misses you.
The yak attacks as you move away! The yak gores you.
* * * LOW HITPOINT WARNING * * *
The kobold demonologist attacks as you move away!
The kobold demonologist hits you but does no damage.
The yak is no longer distracted by gold.
The rust devil hits you!
* * * LOW HITPOINT WARNING * * *
The rust devil corrodes you!
This is a scroll of acquirement!
Something appears at your feet!
The rust devil disappears in a puff of smoke!
You block the kobold demonologist's attack.
The kobold brigand hits you with a +0 whip.
* * * LOW HITPOINT WARNING * * *
The kobold demonologist attacks as you move away!
The kobold demonologist hits you with a +0 dagger.
* * * LOW HITPOINT WARNING * * *
The yak attacks as you move away! The yak gores you!
You die...
Your body crumbles into a pile of gold.

#...# .##.###
#...##......#
#.......# #.#..####
####$#### #..$$..†#
#..†$.†.#######
###...Y†..#.....#
#....@K3Y.YY....###
#.#.§YK...#........
#.#..§$...#<....#..
# #...†...#.....#
####.##########
.... .##.. ...#
...#


You could see a kobold demonologist, 5 yaks, a sixfirhy (summoned) and a kobold
brigand.

Vanquished Creatures
  2 cyclopes (D:9)
  A manticore (D:8)
  An ugly thing (D:8)
  A komodo dragon (D:8)
  A shadow (D:9)
  2 wyverns
  Eustachio (D:5)
  7 humans (D:9)
  3 yaks (D:9)
  Menkaure (D:7)
  2 steam dragons
  An ice beast (D:7)
  An orc warrior (D:9)
  A black bear (D:5)
  An ogre (D:7)
  2 centaurs
  A kobold brigand (D:7)
  2 bullfrogs (D:8)
  5 scorpions
  6 wights
  5 killer bees (D:9)
  5 howler monkeys
  2 hounds
  2 jellies
  An orc priest (D:9)
  Crazy Yiuf (D:2)
  A sleepcap (D:6)
  Jessica (D:3)
  An iguana (D:6)
  3 orc wizards
  Natasha (thrice) (D:3)
  3 gnolls (D:4)
  9 adders
  A shadow imp (D:7)
  A white imp (D:8)
  3 ufetubi
  4 worms
  3 dart slugs
  25 orcs
  7 ball pythons
  6 bats
  6 endoplasms
  A giant cockroach (D:2)
  6 hobgoblins
  12 jackals
  3 quokkas
  2 frilled lizards (D:1)
  8 goblins
  13 kobolds
  5 rats
185 creatures vanquished.

Vanquished Creatures (others)
  2 kobolds (D:10)
  6 fungi
  3 plants (D:8)
11 creatures vanquished.

Grand Total: 196 creatures vanquished

Notes
Turn   | Place    | Note
-------+----------+-------------------------------------------
     0 | D:1      | Dorkslayer the Hill Orc Fighter began the quest for the
                  | Orb.
     0 | D:1      | Reached XP level 1. HP: 19/19 MP: 1/1
   177 | D:1      | Reached XP level 2. HP: 25/27 MP: 2/2
   185 | D:1      | Reached skill level 3 in Axes
   480 | D:1      | Found a faded altar of an unknown god.
   489 | D:1      | Reached XP level 3. HP: 33/33 MP: 3/3
   589 | D:1      | Reached skill level 1 in Dodging
   904 | D:2      | Reached XP level 4. HP: 40/40 MP: 4/4
   995 | D:2      | Found a burning altar of Makhleb.
  1221 | D:2      | Found a runed translucent door.
  1222 | D:2      | Noticed Crazy Yiuf
  1230 | D:2      | Killed Crazy Yiuf
  1308 | D:2      | Reached XP level 5. HP: 41/47 MP: 5/5
  1418 | D:3      | Reached skill level 4 in Axes
  1548 | D:3      | Found a sparkling altar of Nemelex Xobeh.
  1590 | D:3      | Noticed Jessica
  1592 | D:3      | Killed Jessica
  1707 | D:3      | Noticed Natasha
  1714 | D:3      | Killed Natasha
  1768 | D:3      | Found a radiant altar of Vehumet.
  1769 | D:3      | Noticed Natasha
  1786 | D:3      | Killed Natasha
  1955 | D:3      | Noticed Natasha
  1960 | D:3      | Killed Natasha
  1961 | D:3      | Reached XP level 6. HP: 55/55 MP: 6/6
  2166 | D:4      | Reached skill level 5 in Fighting
  2324 | D:4      | Found a staircase to the Ecumenical Temple.
  2350 | D:4      | Reached skill level 1 in Evocations
  2360 | Temple   | Entered the Ecumenical Temple
  2371 | Temple   | Became a worshipper of Gozag Ym Sagoz the Greedy
  2624 | D:5      | Entered Level 5 of the Dungeon
  2643 | D:5      | Noticed a black bear
  2650 | D:5      | Killed a black bear
  2651 | D:5      | Reached skill level 5 in Axes
  2651 | D:5      | Reached XP level 7. HP: 37/61 MP: 7/7
  2729 | D:5      | Reached skill level 5 in Armour
  2888 | D:5      | Found Coryff's Book Boutique.
  2923 | D:5      | Noticed Eustachio
  2940 | D:5      | Killed Eustachio
  3459 | D:6      | Found a shadowy altar of Dithmenos.
  3475 | D:6      | Noticed a wyvern
  3490 | D:6      | Killed a wyvern
  3491 | D:6      | Reached XP level 8. HP: 38/70 MP: 8/8
  3785 | D:6      | Reached skill level 6 in Axes
  4534 | D:7      | Identified the +1 helmet of Efeipeawn {-Cast rN++}
  4861 | D:7      | Found a blossoming altar of Fedhas.
  4872 | D:7      | Found a burning altar of Makhleb.
  4872 | D:7      | Found a stormy altar of Qazlal.
  4885 | D:7      | Found a broken altar of Ashenzari.
  4888 | D:7      | Found a white marble altar of Elyvilon.
  5204 | D:7      | Noticed Menkaure
  5220 | D:7      | Killed Menkaure
  5221 | D:7      | Reached XP level 9. HP: 32/78 MP: 9/9
  5482 | D:7      | Reached skill level 7 in Axes
  5482 | D:7      | Reached skill level 5 in Shields
  6094 | D:8      | Found a staircase to the Lair.
  6135 | D:8      | Noticed a green ugly thing
  6157 | D:8      | Killed a green ugly thing
  6486 | D:8      | Noticed a komodo dragon
  6500 | D:8      | Killed a komodo dragon
  6501 | D:8      | Reached skill level 8 in Axes
  6550 | D:8      | Noticed a manticore
  6565 | D:8      | Killed a manticore
  6566 | D:8      | Reached skill level 1 in Throwing
  6566 | D:8      | Reached skill level 5 in Evocations
  6566 | D:8      | Reached XP level 10. HP: 34/88 MP: 10/10
  7475 | D:9      | Reached skill level 5 in Dodging
  7661 | D:9      | Noticed a cyclops
  7667 | D:9      | Killed a cyclops
  8015 | D:9      | Noticed a cyclops
  8033 | D:9      | Killed a cyclops
  8034 | D:9      | Reached skill level 9 in Axes
  8310 | D:9      | Reached skill level 1 in Maces & Flails
  8607 | D:9      | Found an iron altar of Okawaru.
  8628 | D:10     | Entered Level 10 of the Dungeon
  8629 | D:10     | Found a hide-covered altar of Uskayaw.
  8646 | D:10     | Reached XP level 11. HP: 69/95 MP: 11/11
  8663 | D:10     | Noticed a sixfirhy
  8669 | D:10     | Identified a scroll of acquirement
  8669 | D:10     | Acquired the +1 cloak of Forking Paths {rElec rPois rC-
                  | Will++}
  8670 | D:10     | Slain by a yak

Illustrated notes

Levels and vault maps discovered:
D:1:      dpeg_arrival_solitude, layout_loops_ring,
          chequers_ecumenical_altar_simple_redux
D:2:      layout_rooms, basic_altar, kennysheep_cluttered_room,
          uniq_crazy_yiuf_cottage
D:3:      layout_loops_cross, nemelex_spade_bored_becter, vehumet_altar_wand_db,
          uniq_natasha, uniq_jessica
D:4:      layout_rooms, minmay_temple_entry_wispy, nrook_campfire,
          minmay_circle_x
D:5:      layout_basic, serial_shops, nicolae_shop_hallway_stairs,
          uniq_eustachio
D:6:      layout_basic, mainiacjoe_overflow_surrounded_room
D:7:      layout_loops_corners, minmay_overflow_temple_star_hex,
          hangedman_decor_slide_cut, uniq_menkaure
D:8:      layout_basic, dpeg_oklobed_lair, lemuel_flame_loot_1
D:9:      layout_basic, okawaru_humans, minmay_ruffians
D:10:     minmay_clustersquares, layout_loops_cross,
          nicolae_uskayaw_murder_on_the_dancefloor, serial_aquarium,
          aquarium_bridge_square [aquarium_subvault_bridge,
          aquarium_subvault_wall, aquarium_subvault_balcony,
          aquarium_subvault_wall], aquarium_window_fake, aquarium_window_double,
          aquarium_view_2f, aquarium_view_2c, aquarium_balcony_3a,
          aquarium_pool_corner
Temple:   hellmonk_temple_forest_ring

Skill      XL: |  1  2  3  4  5  6  7  8  9 10 |
---------------+-------------------------------+-----
Axes           | 3 4 5 6 8 9 |  9.4
Fighting       | 4 5 6 8 |  8.9
Dodging        | 1 2 3 4 5 |  5.7
Armour         | 4 5 6 7 8 |  8.2
Evocations     | 1 2 3 5 6 |  6.1
Shields        | 4 5 6 |  6.1
Throwing       | 1 3 |  3.2
Maces & Flails | 1 |  1.2

Action                     |  1- 3 |  4- 6 |  7- 9 | 10-12 || total
---------------------------+-------+-------+-------+-------++-------
  Melee: War axe           |   112 |   163 |   244 |   156 ||   675
  Throw: Javelin           |       |     3 |    17 |    15 ||    35
         Boomerang         |       |       |     4 |       ||     4
         Dart              |       |       |     2 |       ||     2
         Throwing net      |       |       |     1 |       ||     1
  Evoke: Wand              |       |     1 |     1 |     3 ||     5
    Use: Potion            |       |     1 |     1 |     4 ||     6
         Scroll            |       |     8 |    13 |     3 ||    24
   Stab: Distracted        |       |     2 |       |       ||     2
         Paralysed         |       |       |       |     6 ||     6
 Armour: Scale mail        |    55 |    12 |       |       ||    67
         Chain mail        |       |    67 |   159 |   145 ||   371
  Dodge: Dodged            |    71 |    75 |   101 |   103 ||   350
  Block: Buckler           |    27 |    31 |    61 |    48 ||   167

Table legend: (Time is in decaauts)
 A = Elapsed time spent in this place.
 B = Non-inter-level travel time spent in this place.
 C = Inter-level travel time spent in this place.
 D = Time resting spent in this place.
 E = Time spent auto-exploring this place.
 F = Levels seen in this place.
 G = Mean time per level.
                   A        B        C        D        E       F      G
               +--------+--------+--------+--------+--------+-----+--------+
         Total |   8859 |   8859 |      0 |    256 |   5029 |  11 |  805.4 |
       Dungeon |   8840 |   8840 |      0 |    256 |   5029 |  10 |  884.0 |
        Temple |     19 |     19 |      0 |      0 |      0 |   1 |   19.0 |
               +--------+--------+--------+--------+--------+-----+--------+

Top non-repeatable levels by time:
     D:7: 1501 daAuts
     D:9: 1429 daAuts
     D:8: 1272 daAuts
     D:6: 1060 daAuts
     D:5: 825 daAuts
     D:3: 800 daAuts
     D:2: 728 daAuts
     D:1: 693 daAuts
     D:4: 484 daAuts
    D:10: 42 daAuts
  Temple: 19 daAuts
